| TOP OF THE 1ST |
|
Toronto Blue Jays batting - Pitching for Boston Red Sox : RHP Dick Ruthven
|
|
Pitching: RHP Dick Ruthven
|
|
|
Batting: SHB Harold Reynolds
|
0-0: Foul Ball, location: 2F 0-1: Ball 1-1: Ball 2-1: Ball 3-1: Base on Balls
|
|
Batting: LHB Sheldon Mallory
|
0-0: Ball Harold Reynolds is caught stealing 2nd base 2-6 1-0: Ball 2-0: Ground out 6-3 (Groundball, 6, EV 87.5 MPH)
|
|
Batting: LHB Chad Daley
|
0-0: Called Strike 0-1: Swinging Strike 0-2: Ball 1-2: Foul Ball, location: 2F 1-2: DOUBLE (Line Drive, 78M, EV 88.8 MPH)
|
|
Batting: LHB Carlos May
|
0-0: Ball 1-0: Ball 2-0: Ball 3-0: Base on Balls
|
|
Batting: RHB Jose Gonzalez
|
0-0: Foul Ball, location: 2F 0-1: Ball 1-1: Ball 2-1: Ball 3-1: Base on Balls Chad Daley to third Carlos May to second
|
|
Batting: LHB Steve Stroughter
|
0-0: Ball 1-0: Ball 2-0: Called Strike 2-1: Foul Ball, location: 2F 2-2: Fielders Choice at 2nd, 6-4 (Groundball, 6, EV 86.3 MPH)
|
| Top of the 1st over - 0 runs, 1 hit, 0 errors, 3 left on base; Toronto 0 - Boston 0 |
| BOTTOM OF THE 1ST |
|
Boston Red Sox batting - Pitching for Toronto Blue Jays : RHP Dane Anthony
|
|
Pitching: RHP Dane Anthony
|
|
|
Batting: RHB Richie Zisk
|
0-0: Called Strike 0-1: Foul Ball, location: 2F 0-2: Ball 1-2: Foul Ball, location: 2F 1-2: Foul Ball, location: 2F 1-2: Ball 2-2: Fly out, F8 (Line Drive, 8LM, EV 91.3 MPH)
|
|
Batting: LHB Willie Aikens
|
0-0: Ground out U3 (Groundball, 3, EV 105.6 MPH)
|
|
Batting: RHB Jeff Burroughs
|
0-0: Called Strike 0-1: Foul Ball, location: 2F 0-2: Ball 1-2: Ball 2-2: Ball 3-2: Foul Ball, location: 2F 3-2: Ground out 1-3 (Groundball, 15S, EV 73.1 MPH)
|
| Bottom of the 1st over - 0 runs, 0 hits, 0 errors, 0 left on base; Toronto 0 - Boston 0 |
| TOP OF THE 2ND |
|
Toronto Blue Jays batting - Pitching for Boston Red Sox : RHP Dick Ruthven
|
|
Batting: RHB Hector Cruz
|
0-0: SINGLE (Groundball, 6MD, EV 94.4 MPH)
|
|
Batting: LHB Brad Gulden
|
0-0: SINGLE (Groundball, 34S, EV 68.1 MPH) (infield hit) Hector Cruz to second
|
|
Batting: RHB Jose Carrillo
|
0-0: Fly out, F8 (Flyball, 8LM, EV 80.6 MPH)
|
|
Batting: SHB Harold Reynolds
|
0-0: Called Strike 0-1: Foul Ball, location: 2F 0-2: Ball 1-2: Ball 2-2: Fielders Choice at 2nd, 4-6 (Groundball, 4, EV 87.5 MPH) Hector Cruz to third
|
|
Batting: LHB Sheldon Mallory
|
0-0: Ball 1-0: Foul Ball, location: 2F 1-1: Called Strike Harold Reynolds steals 2nd base 1-2: Ball 2-2: Foul Ball, location: 2F 2-2: Ground out U3 (Groundball, 34S, EV 86.3 MPH)
|
| Top of the 2nd over - 0 runs, 2 hits, 0 errors, 2 left on base; Toronto 0 - Boston 0 |
| BOTTOM OF THE 2ND |
|
Boston Red Sox batting - Pitching for Toronto Blue Jays : RHP Dane Anthony
|
|
Batting: LHB George Brett
|
0-0: Ball 1-0: Foul Ball, location: 2F 1-1: Ground out 3-1 (Groundball, 34S, EV 91.9 MPH)
|
|
Batting: LHB Karl Pagel
|
0-0: Ball 1-0: Ball 2-0: Ball 3-0: Base on Balls
|
|
Batting: SHB Dave Collins
|
0-0: Called Strike 0-1: Ball 1-1: Fly out, F7 (Flyball, 7, EV 75.0 MPH)
|
|
Batting: SHB Phil Ouellette
|
0-0: Ball 1-0: Ball 2-0: Ball 3-0: Called Strike 3-1: Base on Balls Karl Pagel to second
|
|
Batting: SHB Nelson Norman
|
0-0: Ball 1-0: Ground out 4-3 (Groundball, 34, EV 92.5 MPH)
|
| Bottom of the 2nd over - 0 runs, 0 hits, 0 errors, 2 left on base; Toronto 0 - Boston 0 |
| TOP OF THE 3RD |
|
Toronto Blue Jays batting - Pitching for Boston Red Sox : RHP Dick Ruthven
|
|
Batting: LHB Chad Daley
|
0-0: Called Strike 0-1: Ball 1-1: Foul Ball, location: 2F 1-2: Ball 2-2: SINGLE (Line Drive, 3D, EV 110.6 MPH)
|
|
Batting: LHB Carlos May
|
0-0: Called Strike 0-1: Foul Ball, location: 2F 0-2: Ball 1-2: Foul Ball, location: 2F 1-2: Ball 2-2: Foul Ball, location: 2F 2-2: Foul Ball, location: 2F 2-2: Fly out, F9 (Line Drive, 89M, EV 97.5 MPH)
|
|
Batting: RHB Jose Gonzalez
|
0-0: Ball 1-0: Ball 2-0: Fly out, F9 (Flyball, 89D, EV 103.1 MPH)
|
|
Batting: LHB Steve Stroughter
|
0-0: Ball 1-0: Fly out, F4 (Popup, 34, EV 70.6 MPH)
|
| Top of the 3rd over - 0 runs, 1 hit, 0 errors, 1 left on base; Toronto 0 - Boston 0 |
| BOTTOM OF THE 3RD |
|
Boston Red Sox batting - Pitching for Toronto Blue Jays : RHP Dane Anthony
|
|
Batting: RHB Kevin Klettke
|
0-0: Ground out 1-3 (Groundball, P, EV 73.1 MPH)
|
|
Batting: RHB Richie Zisk
|
0-0: Called Strike 0-1: Ball 1-1: Ball 2-1: Swinging Strike 2-2: Strikes out swinging
|
|
Batting: LHB Willie Aikens
|
0-0: Swinging Strike 0-1: Called Strike 0-2: Ball 1-2: Strikes out looking
|
| Bottom of the 3rd over - 0 runs, 0 hits, 0 errors, 0 left on base; Toronto 0 - Boston 0 |
| TOP OF THE 4TH |
|
Toronto Blue Jays batting - Pitching for Boston Red Sox : RHP Dick Ruthven
|
|
Batting: RHB Hector Cruz
|
0-0: Called Strike 0-1: Fly out, F8 (Line Drive, 8RM, EV 97.5 MPH)
|
|
Batting: LHB Brad Gulden
|
0-0: Called Strike 0-1: Ball 1-1: SINGLE (Line Drive, 4M, EV 96.9 MPH)
|
|
Batting: RHB Jose Carrillo
|
0-0: Called Strike 0-1: SINGLE (Line Drive, 3D, EV 98.8 MPH) Brad Gulden to second Runner from 2nd tries for 3rd, SAFE, throw by RF made to third
|
|
Batting: SHB Harold Reynolds
|
0-0: Ball 1-0: Foul Ball, location: 2F 1-1: Ball 2-1: Fielders Choice at 2nd, 6-4 (Groundball, 56, EV 109.4 MPH) Brad Gulden scores
|
|
Batting: LHB Sheldon Mallory
|
0-0: Ball 1-0: Ball 2-0: Ball 3-0: Base on Balls Harold Reynolds to second
|
|
Batting: LHB Chad Daley
|
0-0: Ball 1-0: SINGLE (Line Drive, 4MD, EV 96.3 MPH) Harold Reynolds to third Sheldon Mallory to second Runner from 3rd tries for Home, SAFE, throw by CF to home
|
|
Batting: LHB Carlos May
|
0-0: Ball 1-0: Foul Ball, location: 2F 1-1: Ball 2-1: Ground out 4-3 (Groundball, 4, EV 88.1 MPH)
|
| Top of the 4th over - 2 runs, 3 hits, 0 errors, 2 left on base; Toronto 2 - Boston 0 |
| BOTTOM OF THE 4TH |
|
Boston Red Sox batting - Pitching for Toronto Blue Jays : RHP Dane Anthony
|
|
Batting: RHB Jeff Burroughs
|
0-0: Ball 1-0: Ball 2-0: Swinging Strike 2-1: Foul Ball, location: 2F 2-2: Ball 3-2: Fly out, F8 (Flyball, 8LD, EV 88.8 MPH)
|
|
Batting: LHB George Brett
|
0-0: Ball 1-0: Ground out 4-3 (Groundball, 4, EV 77.5 MPH)
|
|
Batting: LHB Karl Pagel
|
0-0: Called Strike 0-1: Swinging Strike 0-2: Strikes out looking
|
| Bottom of the 4th over - 0 runs, 0 hits, 0 errors, 0 left on base; Toronto 2 - Boston 0 |
| TOP OF THE 5TH |
|
Toronto Blue Jays batting - Pitching for Boston Red Sox : RHP Dick Ruthven
|
|
Batting: RHB Jose Gonzalez
|
0-0: Ball 1-0: SINGLE (Groundball, 6MD, EV 96.3 MPH)
|
|
Batting: LHB Steve Stroughter
|
0-0: Ball 1-0: Fly out, F7 (Flyball, 7S, EV 86.9 MPH)
|
|
Batting: RHB Hector Cruz
|
0-0: Called Strike 0-1: Ball 1-1: Ball 2-1: Ball 3-1: Grounds into double play, 3-6-1 (Groundball, 3, EV 80.0 MPH)
|
| Top of the 5th over - 0 runs, 1 hit, 0 errors, 0 left on base; Toronto 2 - Boston 0 |
| BOTTOM OF THE 5TH |
|
Boston Red Sox batting - Pitching for Toronto Blue Jays : RHP Dane Anthony
|
|
Batting: SHB Dave Collins
|
0-0: SINGLE (Groundball, 34S, EV 77.5 MPH) (infield hit)
|
|
Batting: SHB Phil Ouellette
|
0-0: Fly out, F6 (Popup, 6M, EV 56.9 MPH)
|
|
Batting: SHB Nelson Norman
|
0-0: Ball Dave Collins steals 2nd base 1-0: Fly out, F7 (Flyball, 7LD, EV 96.9 MPH)
|
|
Batting: RHB Kevin Klettke
|
0-0: Called Strike 0-1: Ball 1-1: Foul Ball, location: 2F 1-2: Ball 2-2: Ball 3-2: Ground out 6-3 (Groundball, 56, EV 84.4 MPH)
|
| Bottom of the 5th over - 0 runs, 1 hit, 0 errors, 1 left on base; Toronto 2 - Boston 0 |
| TOP OF THE 6TH |
|
Toronto Blue Jays batting - Pitching for Boston Red Sox : RHP Dick Ruthven
|
|
Batting: LHB Brad Gulden
|
0-0: Ball 1-0: Foul Ball, location: 2F 1-1: Ground out 1-3 (Groundball, 34S, EV 73.8 MPH)
|
|
Batting: RHB Jose Carrillo
|
0-0: Called Strike 0-1: Ball 1-1: Ball 2-1: Ground out 1-3 (Groundball, 34S, EV 75.6 MPH)
|
|
Batting: SHB Harold Reynolds
|
0-0: Ball 1-0: Foul Ball, location: 2F 1-1: Fly out, F7 (Flyball, 7D, EV 95.0 MPH)
|
| Top of the 6th over - 0 runs, 0 hits, 0 errors, 0 left on base; Toronto 2 - Boston 0 |
| BOTTOM OF THE 6TH |
|
Boston Red Sox batting - Pitching for Toronto Blue Jays : RHP Dane Anthony
|
|
Batting: RHB Richie Zisk
|
0-0: Called Strike 0-1: Swinging Strike 0-2: Foul Ball, location: 2F 0-2: Ball 1-2: Foul Ball, location: 2F 1-2: Strikes out swinging
|
|
Batting: LHB Willie Aikens
|
0-0: Ball 1-0: SINGLE (Flyball, 56D, EV 87.5 MPH)
|
|
Batting: RHB Jeff Burroughs
|
0-0: Ball 1-0: Ball 2-0: Foul Ball, location: 2F 2-1: SINGLE (Groundball, 4MD, EV 102.5 MPH) Willie Aikens to second
|
|
Batting: LHB George Brett
|
0-0: SINGLE (Line Drive, 4MD, EV 95.0 MPH) Willie Aikens to third Jeff Burroughs to second Runner from 3rd tries for Home, SAFE, throw by CF to home
|
|
Batting: LHB Karl Pagel
|
0-0: Ball 1-0: Ball 2-0: Called Strike 2-1: Foul Ball, location: 2F 2-2: Foul Ball, location: 2F 2-2: Ball 3-2: Foul Ball, location: 2F 3-2: Base on Balls Jeff Burroughs to third George Brett to second
|
|
Batting: SHB Dave Collins
|
0-0: Called Strike 0-1: Called Strike 0-2: Ball 1-2: Ball 2-2: Grounds into double play, 6-2-3 (Groundball, 6, EV 89.4 MPH)
|
| Bottom of the 6th over - 1 run, 3 hits, 0 errors, 2 left on base; Toronto 2 - Boston 1 |
| TOP OF THE 7TH |
|
Toronto Blue Jays batting - Pitching for Boston Red Sox : RHP Dick Ruthven
|
|
Pitching: RHP Bruce Sutter
|
|
|
Batting: LHB Sheldon Mallory
|
0-0: Ball 1-0: Called Strike 1-1: Ball 2-1: Swinging Strike 2-2: Reached on error, E4 (Groundball, 4, EV 88.1 MPH)
|
|
Batting: LHB Chad Daley
|
0-0: Swinging Strike 0-1: Ball 1-1: Ball Sheldon Mallory steals 2nd base 2-1: Intentional Walk
|
|
Batting: LHB Carlos May
|
0-0: Ball 1-0: Called Strike 1-1: Foul Ball, location: 2F 1-2: Strikes out swinging
|
|
Batting: RHB Jose Gonzalez
|
0-0: Called Strike 0-1: Fly out, F8 (Flyball, 8LM, EV 81.9 MPH) Runner from 2nd tags up, SAFE at 3rd with throw by CF
|
|
Batting: LHB Steve Stroughter
|
0-0: Swinging Strike 0-1: Ball 1-1: Foul Ball, location: 2F 1-2: Foul Ball, location: 2F 1-2: Fly out, F6 (Line Drive, 6, EV 72.5 MPH)
|
| Top of the 7th over - 0 runs, 0 hits, 1 error, 2 left on base; Toronto 2 - Boston 1 |
| BOTTOM OF THE 7TH |
|
Boston Red Sox batting - Pitching for Toronto Blue Jays : RHP Dane Anthony
|
|
Batting: SHB Phil Ouellette
|
0-0: Swinging Strike 0-1: Foul Ball, location: 2F 0-2: Ball 1-2: Strikes out looking
|
|
Batting: SHB Nelson Norman
|
0-0: Ball 1-0: Fly out, F7 (Flyball, 78S, EV 78.8 MPH)
|
|
Batting: RHB Kevin Klettke
|
0-0: Foul Ball, location: 2F 0-1: Swinging Strike 0-2: Foul Ball, location: 2F 0-2: Strikes out swinging
|
| Bottom of the 7th over - 0 runs, 0 hits, 0 errors, 0 left on base; Toronto 2 - Boston 1 |
| TOP OF THE 8TH |
|
Toronto Blue Jays batting - Pitching for Boston Red Sox : RHP Bruce Sutter
|
|
Batting: RHB Hector Cruz
|
0-0: Called Strike 0-1: Ball 1-1: Ball 2-1: Fly out, F8 (Flyball, 89D, EV 87.5 MPH)
|
|
Batting: LHB Brad Gulden
|
0-0: Ball 1-0: Ground out 6-3 (Groundball, 6MD, EV 102.5 MPH)
|
|
Batting: RHB Jose Carrillo
|
0-0: Ground out 4-3 (Groundball, 4, EV 90.0 MPH)
|
| Top of the 8th over - 0 runs, 0 hits, 0 errors, 0 left on base; Toronto 2 - Boston 1 |
| BOTTOM OF THE 8TH |
|
Boston Red Sox batting - Pitching for Toronto Blue Jays : RHP Dane Anthony
|
|
Batting: RHB Richie Zisk
|
0-0: Called Strike 0-1: Swinging Strike 0-2: Ball 1-2: Strikes out swinging
|
|
Batting: LHB Willie Aikens
|
0-0: Ball 1-0: Ball 2-0: Called Strike 2-1: Ball 3-1: Called Strike 3-2: Foul Ball, location: 2F 3-2: Foul Ball, location: 2F 3-2: Foul Ball, location: 2F 3-2: Foul Ball, location: 2F 3-2: Ground out 4-3 (Groundball, 34, EV 85.0 MPH)
|
|
Batting: RHB Jeff Burroughs
|
0-0: Ball 1-0: Foul Ball, location: 2F 1-1: Called Strike 1-2: Fly out, F3 (Popup, 3SF, EV 71.3 MPH)
|
| Bottom of the 8th over - 0 runs, 0 hits, 0 errors, 0 left on base; Toronto 2 - Boston 1 |
| TOP OF THE 9TH |
|
Toronto Blue Jays batting - Pitching for Boston Red Sox : RHP Bruce Sutter
|
|
Batting: SHB Harold Reynolds
|
0-0: Called Strike 0-1: Called Strike 0-2: Strikes out swinging
|
|
Batting: LHB Sheldon Mallory
|
0-0: Ground out 6-3 (Groundball, 6, EV 103.8 MPH)
|
|
Batting: LHB Chad Daley
|
0-0: Ball 1-0: Fly out, F8 (Flyball, 8RM, EV 86.9 MPH)
|
| Top of the 9th over - 0 runs, 0 hits, 0 errors, 0 left on base; Toronto 2 - Boston 1 |
| BOTTOM OF THE 9TH |
|
Boston Red Sox batting - Pitching for Toronto Blue Jays : RHP Dane Anthony
|
|
Now at SS: Cal Ripken
|
|
|
Batting: LHB George Brett
|
0-0: Ball 1-0: Ball 2-0: Called Strike 2-1: Fly out, F8 (Flyball, 8LS, EV 94.4 MPH)
|
|
Batting: LHB Karl Pagel
|
0-0: Ball 1-0: Ball 2-0: Ball 3-0: Called Strike 3-1: Foul Ball, location: 2F 3-2: Strikes out swinging
|
|
Batting: SHB Dave Collins
|
0-0: Ground out 4-3 (Groundball, 4, EV 106.9 MPH)
|
| Bottom of the 9th over - 0 runs, 0 hits, 0 errors, 0 left on base; Toronto 2 - Boston 1 |
|